 Dungeon Crawl Stone Soup version 0.28-a0-1130-gc51a68064b (webtiles) character file.

Game seed: 4947539176471776553

1103 mcbry74 the Carver (level 8, -14/58 HPs)
             Began as a Human Berserker on Dec 12, 2021.
             Was a Priest of Trog.
             Demolished by Maggie (17 damage)
             ... on level 6 of the Dungeon.
             The game lasted 00:19:36 (4999 turns).

mcbry74 the Carver (Human Berserker)                Turns: 4999, Time: 00:19:37

Health: -14/58     AC: 12    Str: 23    XL:     8   Next: 58%
Magic:  8/8        EV:  9    Int:  7    God:    Trog [***...]
Gold:   181        SH:  0    Dex: 20    Spells: 7/7 levels left

rFire   + . .      SeeInvis .   E - +5 hand axe "Ofaukex" {vamp, *Noise rF+ rCorr Str+4}
rCold   . . .      Faith    .   (no shield)
rNeg    . . .      Spirit   .   f - +0 chain mail {Will+}
rPois   +          Reflect  .   (no helmet)
rElec   .          Harm     .   m - +0 cloak
rCorr   +          Rampage  .   (no gloves)
Will    +....                   F - +0 pair of boots
Stlth   ..........              (no amulet)
HPRegen 0.19/turn               C - +6 ring of dexterity
MPRegen 0.11/turn               k - ring of poison resistance

@: on berserk cooldown, mesmerised, slowed, very slow
A: no striking features
a: Renounce Religion, Berserk, Trog's Hand


You were on level 6 of the Dungeon.
You worshipped Trog.
Trog was most pleased with you.
You visited 1 branch of the dungeon, and saw 6 of its levels.
You also visited: Sewer.

You collected 181 gold pieces.

Inventory:

Hand Weapons
 a - a +0 falchion
 b - the +7 hunting sling of mcbry74's Misery {vorpal, rElec rN+ Will+ Dex+4}
   (You found it on level 4 of the Dungeon)

   Any ammunition fired from it inflicts extra damage upon your enemies.
   Dex:       It affects your dexterity (+4).
   rElec:     It insulates you from electricity.
   rN:        It protects you from negative energy.
   Will:      It increases your willpower.
 l - a +3 quarterstaff of chaos
 z - a +0 morningstar
 E - the +5 hand axe "Ofaukex" (weapon) {vamp, *Noise rF+ rCorr Str+4}
   (You found it on level 4 of the Dungeon)

   It occasionally heals its wielder for a portion of the damage dealt when it
   wounds a living foe.
   Str:       It affects your strength (+4).
   rF:        It protects you from fire.
   *Noise:    It may make noises in combat.
   rCorr:     It protects you from acid and corrosion.
Missiles
 e - 121 stones (quivered)
 j - 12 sling bullets
 u - 26 poisoned darts
Armour
 f - a +0 chain mail of willpower (worn)
 h - a +0 animal skin
 m - a +0 cloak (worn)
 p - a +0 plate armour
 F - a +0 pair of boots (worn)
Jewellery
 i - a ring of protection from fire
 k - a ring of poison resistance (right hand)
 C - a +6 ring of dexterity (left hand)
 H - a ring of positive energy
Wands
 r - a wand of polymorph (7)
 I - a wand of mindburst (8)
Scrolls
 q - 5 scrolls of teleportation
 s - a scroll of enchant weapon {unknown}
 v - 2 scrolls of enchant armour {unknown}
 y - 2 scrolls of summoning {unknown}
 A - a scroll of torment {unknown}
 B - a scroll of fear {unknown}
 D - a scroll of vulnerability
Potions
 c - a potion of heal wounds
 d - 2 potions of lignification {unknown}
 g - 3 potions of mutation
 n - a potion of cancellation {unknown}
 o - 4 potions of magic
 t - a potion of curing {unknown}
 w - 2 potions of might {unknown}
 x - 3 potions of invisibility {unknown}
 G - 2 potions of brilliance {unknown}
 J - a potion of berserk rage {unknown}


   Skills:
 - Level 3.0 Fighting
 * Level 8.5 Long Blades
 + Level 5.6 Armour
 - Level 2.0 Dodging


You had 7 spell levels left.
You didn't know any spells.
Your spell library was empty.

Dungeon Overview and Level Annotations

Branches:
Dungeon (7/15)              Sewer (visited)
 Temple: D:4-7

Altars:

Annotations:
D:6 Maggie


Message History

You closely miss Maggie.
Maggie is heavily wounded.
Maggie barely misses you.
You feel much better. Maggie hits you but does no damage.
Maggie mumbles some strange words.
Maggie attempts to bespell you!
You are mesmerised by Maggie!
You feel stronger.
You feel a sense of dread.
E - the +5 hand axe "Ofaukex" (weapon)
{vamp, *Noise rF+ rCorr Str+4} Maggie hits you with a +2 glaive of flaming!
You barely miss Maggie.
Maggie is heavily wounded.
Maggie hits you with a +2 glaive of flaming!
Maggie burns you.
You hit Maggie but do no damage.
Maggie is heavily wounded.
Maggie closely misses you.
Maggie hits you with a +2 glaive of flaming!
* * * LOW HITPOINT WARNING * * *
You barely miss Maggie.
Maggie is heavily wounded.
Maggie hits you with a +2 glaive of flaming.
* * * LOW HITPOINT WARNING * * *
Maggie burns you.
* * * LOW HITPOINT WARNING * * *
Maggie closely misses you.
You hit Maggie.
Maggie is heavily wounded.
Maggie gives herself a magical halo, but it quickly sputters out.
Maggie hits you with a +2 glaive of flaming.
* * * LOW HITPOINT WARNING * * *
Maggie casts a spell.
Maggie draws you further into her thrall.
You barely miss Maggie.
Maggie is heavily wounded.
Maggie hits you with a +2 glaive of flaming.
* * * LOW HITPOINT WARNING * * *
Maggie hits you with a +2 glaive of flaming!
You die...

###. ##... .. ##..#@ ##.#
## #.....## #.. .###
#.../.)# #.###....
#.###[##.... ##
#........##### .. .#
###@..............#
...#.@........# ###...
.................###.....
......##.............##..
...... #................#
##### #.........#...####
#.........###.####
#.........# #.....
#.........# #.....
#>........# #.....


You could see Maggie (mesmerising).

Vanquished Creatures
  A water moccasin (D:6)
  An orc warrior (D:7)
  A phantom (D:2)
  2 bullfrogs (Sewer)
  2 scorpions
  A wyvern skeleton (D:6)
  A water moccasin skeleton (D:6)
  A hound (D:6)
  A jelly (D:7)
  Crazy Yiuf (D:2)
  A centaur skeleton (D:4)
  2 orc wizards (D:7)
  A howler monkey zombie (D:7)
  A howler monkey skeleton (D:7)
  12 adders
  5 river rats
  2 ufetubi (D:4)
  4 worms
  2 dart slugs
  3 orcs
  16 ball pythons
  3 bats (D:1)
  4 endoplasms
  2 giant cockroaches
  5 goblins
  9 hobgoblins
  11 jackals
  A quokka (D:1)
  5 frilled lizards
  9 kobolds
  34 rats
144 creatures vanquished.

Notes
Turn   | Place    | Note
-------+----------+-------------------------------------------
     0 | D:1      | mcbry74 the Human Berserker began the quest for the Orb.
     0 | D:1      | Reached XP level 1. HP: 18/18 MP: 1/1
   441 | D:1      | Reached XP level 2. HP: 24/24 MP: 2/2
   841 | D:1      | Reached XP level 3. HP: 23/29 MP: 3/3
   852 | D:1      | Reached skill level 4 in Long Blades
   852 | D:1      | Reached ** piety under Trog
  1524 | D:2      | Reached XP level 4. HP: 35/35 MP: 4/4
  1587 | D:2      | Noticed a phantom
  1626 | D:2      | Killed a phantom
  1627 | D:2      | Reached skill level 5 in Long Blades
  1627 | D:2      | Reached XP level 5. HP: 20/41 MP: 5/5
  1986 | D:2      | Found a faded altar of an unknown god.
  2226 | D:2      | Found a runed translucent door.
  2227 | D:2      | Noticed Crazy Yiuf
  2233 | D:2      | Killed Crazy Yiuf
  2697 | D:3      | Reached XP level 6. HP: 47/47 MP: 6/6
  3142 | D:4      | Identified the +7 hunting sling of mcbry74's Misery
                  | {vorpal, rElec rN+ Will+ Dex+4}
  3447 | D:4      | Found a glowing drain.
  3456 | Sewer    | Entered a sewer
  3533 | Sewer    | Reached skill level 6 in Long Blades
  3866 | Sewer    | Reached *** piety under Trog
  4008 | Sewer    | Reached XP level 7. HP: 39/52 MP: 7/7
  4438 | D:4      | Identified the +5 hand axe "Ofaukex" {vamp, *Noise rF+
                  | rCorr Str+4}
  4516 | D:4      | You fall into a shaft and drop 3 floors!
  4534 | D:7      | Reached skill level 7 in Long Blades
  4632 | D:7      | Reached XP level 8. HP: 52/58 MP: 8/8
  4634 | D:7      | Reached skill level 5 in Armour
  4796 | D:6      | Reached skill level 8 in Long Blades
  4964 | D:6      | Noticed Maggie
  4999 | D:6      | Demolished by Maggie

Illustrated notes

Levels and vault maps discovered:
D:1:      co_arrival_random_square_maze, layout_basic
D:2:      layout_loops_ring, basic_ecumenical_altar, uniq_crazy_yiuf_cottage
D:3:      layout_loops_cross, minmay_between
D:4:      layout_cave_pools, chequers_ossuary_entry_cave,
          lightli_sewer_entry_pipes, serial_shops, shop
D:6:      layout_rooms, uniq_maggie, uniq_grinder
D:7:      layout_gridville, kennysheep_another_room, nicolae_stop_n_shop_1,
          grunt_tough_drop, uniq_harold

Skill      XL: |  1  2  3  4  5  6  7  8 |
---------------+-------------------------+-----
Long Blades    | 4 5 6 7 8 |  8.5
Armour         | 3 4 5 |  5.6
Fighting       | |  3.0
Dodging        | |  2.0

Action                   |  1- 3 |  4- 6 |  7- 9 || total
-------------------------+-------+-------+-------++-------
Melee: Falchion          |   100 |   362 |   105 ||   567
       Hand axe          |       |       |     6 ||     6
 Fire: Hunting sling     |       |       |    19 ||    19
Throw: Stone             |    15 |       |       ||    15
Invok: Berserk           |       |     5 |     4 ||     9
       Trog's Hand       |       |     2 |     1 ||     3
  Use: Scroll            |     1 |     3 |     1 ||     5
       Potion            |       |       |     2 ||     2
Armor: Animal skin       |     3 |       |       ||     3
       Chain mail        |    59 |   213 |    70 ||   342
Dodge: Dodged            |    39 |   182 |    51 ||   272

Table legend: (Time is in decaauts)
 A = Elapsed time spent in this place.
 B = Non-inter-level travel time spent in this place.
 C = Inter-level travel time spent in this place.
 D = Time resting spent in this place.
 E = Time spent auto-exploring this place.
 F = Levels seen in this place.
 G = Mean time per level.
                   A        B        C        D        E       F      G
               +--------+--------+--------+--------+--------+-----+--------+
         Total |   5159 |   5096 |     63 |   1294 |   2221 |   7 |  737.0 |
       Dungeon |   4297 |   4234 |     63 |    938 |   2085 |   6 |  716.2 |
         Sewer |    862 |    862 |      0 |    355 |    136 |   1 |  862.0 |
               +--------+--------+--------+--------+--------+-----+--------+

Top non-repeatable levels by time:
     D:2: 1372 daAuts
     D:1: 1029 daAuts
   Sewer: 862 daAuts
     D:3: 775 daAuts
     D:4: 620 daAuts
     D:6: 278 daAuts
     D:7: 221 daAuts
